 Dungeon Crawl Stone Soup version 0.26.1-11-gd32895ea62 (webtiles) character file.

Game seed: 5933254673155264691

4 Descartes the Digger (level 1, -2/9 HPs)
             Began as a Vine Stalker Wanderer on July 25, 2021.
             Slain by a hobgoblin
             ... wielding a +0 club
              (4 damage)
             ... on level 1 of the Dungeon.
             The game lasted 00:02:35 (86 turns).

Descartes the Digger (Vine Stalker Wanderer)          Turns: 86, Time: 00:02:36

Health: -2/9       AC:  2    Str: 18    XL:     1   Next: 60%
Magic:  0/3        EV: 11    Int: 10    God:
Gold:   0          SH:  0    Dex: 11    Spells: 1/2 levels left

rFire    . . .     SeeInvis .   (no weapon)
rCold    . . .     Faith    .   (no shield)
rNeg     . . .     Spirit   +   d - +0 robe
rPois    .         Reflect  .   (no helmet)
rElec    .         Harm     .   (no cloak)
rCorr    .         Rampage  .   (no gloves)
Will     .....                  (no boots)
Stlth    +.........             (no amulet)
HPRegen  0.03/turn              (no ring)
MPRegen  0.08/turn              (no ring)

@: no status effects
A: fangs 2, magic shield, antimagic bite, no potion heal 3
a: no special abilities


You were on level 1 of the Dungeon.
You visited 1 branch of the dungeon, and saw 1 of its levels.

Inventory:

Missiles
 a - 14 arrows
Armour
 d - a +0 robe (worn)
Scrolls
 b - a scroll of remove curse {unknown}
Potions
 c - a potion of lignification


   Skills:
 - Level 1.7 Throwing
 + Level 0.1 Dodging
 + Level 0.3 Stealth
 + Level 0.1 Unarmed Combat
 + Level 1.2 Spellcasting
 - Level 2.0 Translocations
 + Level 1.1 Transmutations
 - Level 1.0 Ice Magic
 + Level 3.0 Earth Magic


You had one spell level left.
You knew the following spells:

 Your Spells              Type           Power        Failure   Level
a - Sandblast             Erth           12%          10%         1

Your spell library contained the following spells:

 Spells                   Type           Power        Failure   Level
 Summon Small Mammal      Summ           0%           34%         1
 Passwall                 Tmut/Erth      3%           22%         2
 Stone Arrow              Conj/Erth      6%           50%         3
 Summon Guardian Golem    Hex/Summ       0%           71%         3
 Petrify                  Tmut/Erth      4%           82%         4
 Lee's Rapid Deconstruct  Erth           3%           95%         5


Dungeon Overview and Level Annotations

Branches:
Dungeon (1/15)

Altars:


Innate Abilities, Weirdness & Mutations

You have extremely sharp teeth.
When hurt, damage is shared between your health and your magic reserves.
Your bite disrupts and absorbs the magic of your enemies.
Potions cannot restore your health.


Message History

The bat closely misses you.
You hit the bat. Your bite misses the bat.
The bat is severely wounded.
The bat barely misses you. The bat barely misses you.
The bat hits you but does no damage.
You hit the bat but do no damage.
The bat is heavily wounded.
The bat hits you but does no damage.
You barely miss the bat. Your bite misses the bat.
The bat is heavily wounded.
The bat hits you but does no damage.
You barely miss the bat. You bite the bat. You drain its power.
The bat is severely wounded.
The bat hits you but does no damage.
You barely miss the bat. You bite the bat.
You kill the bat!
You barely miss the hobgoblin. The hobgoblin hits you with a +0 club.
* * * LOW HITPOINT WARNING * * *
You closely miss the hobgoblin. The hobgoblin hits you with a +0 club.
You die...

#.####................#.#.#
.................#.#.# #
##.....########....#.#
#+###+########.##.#.#
#............#
+..>....##.### #......r# .#
###'###g# ##'###@# #...##.#
#.<.##.# +...##.. ######...
#..#. #..... #.## ## #..


You could see a hobgoblin and a rat.

Vanquished Creatures
  2 bats (D:1)
  A goblin (D:1)
3 creatures vanquished.

Notes
Turn   | Place    | Note
-------+----------+-------------------------------------------
     0 | D:1      | Descartes the Vine Stalker Wanderer began the quest for the
                  | Orb.
     0 | D:1      | Descartes set off with the following items: a +0 club, a
                  | potion of lignification, a +0 robe; and the following
                  | spells available to memorise: Sandblast, Passwall, Summon
                  | Small Mammal, Stone Arrow, Summon Guardian Golem, Petrify,
                  | Lee's Rapid Deconstruction
     0 | D:1      | Reached XP level 1. HP: 9/9 MP: 3/3
     2 | D:1      | Learned a level 1 spell: Sandblast
    86 | D:1      | Slain by a hobgoblin

Illustrated notes

Levels and vault maps discovered:
D:1:      dpeg_arrival_simpleton_b, layout_basic, hangedman_decor_lopped

Action                   || total
-------------------------++-------
Melee: Unarmed           ||    20
       Bite              ||     3
Armor: Robe              ||    23
Dodge: Dodged            ||    15
